 Dungeon Crawl Stone Soup version 0.23-a0-644-gb60d84b (webtiles) character file.

1168 zishaf the Cleaver (level 8, -10/71 HPs)
             Began as a Hill Orc Monk on Jan 1, 2019.
             Mangled by a crocodile (12 damage)
             ... on level 5 of the Dungeon.
             The game lasted 00:12:10 (6204 turns).

zishaf the Cleaver (Hill Orc Monk)                  Turns: 6204, Time: 00:12:11

Health: -10/71     AC: 10    Str: 16    XL:     8   Next: 40%
Magic:  8/8        EV: 12    Int: 10    God:
Gold:   163        SH:  0    Dex: 13    Spells: 4/7 levels left

rFire    . . .     SeeInvis .   D - +7 great mace
rCold    . . .     Gourm    .   (shield currently unavailable)
rNeg     . . .     Faith    .   w - +2 leather armour {rPois}
rPois    +         Spirit   .   g - +2 hat
rElec    .         Reflect  .   (no cloak)
rCorr    .         Harm     .   (no gloves)
MR       .....                  B - +2 pair of boots
Stlth    ++........             (no amulet)
HPRegen  0.21/turn              e - ring of flight
MPRegen  0.11/turn              (no ring)

@: no status effects
A: no striking features
a: Evoke Flight


You were on level 5 of the Dungeon.
You were not hungry.

You visited 1 branch of the dungeon, and saw 5 of its levels.

You collected 163 gold pieces.

Inventory:

Hand Weapons
 a - a +0 hand axe of flaming
 b - a +0 hunting sling
 t - a +0 blowgun
 D - a +7 great mace (weapon)
 E - the +7 short sword "Niockis" {venom, rC- Str+3 Stlth+}
   (You found it on level 5 of the Dungeon)

   It poisons the flesh of those it strikes.
   It affects your strength (+3).
   It makes you vulnerable to cold.
   It makes you more stealthy.
Missiles
 r - 260 stones (quivered)
 u - 8 poisoned needles
Armour
 g - a +2 hat (worn)
 w - a +2 leather armour of poison resistance (worn)
 B - a +2 pair of boots (worn)
Jewellery
 e - a ring of flight (left hand)
Scrolls
 d - 2 scrolls of random uselessness {unknown}
 h - 2 scrolls of enchant weapon {unknown}
 i - 4 scrolls of identify {unknown}
 j - 3 scrolls of teleportation {unknown}
 k - a scroll of blinking {unknown}
 l - a scroll of noise {unknown}
 n - 2 scrolls of remove curse {unknown}
 s - a scroll of immolation {unknown}
 v - a scroll of magic mapping {unknown}
 y - a scroll of fear {unknown}
 C - a scroll of enchant armour {unknown}
Potions
 f - 2 potions of ambrosia {unknown}
 m - a potion of curing {unknown}
 o - a potion of haste {unknown}
 p - a potion of flight {unknown}
 q - a potion of resistance {unknown}
 x - 2 potions of invisibility {unknown}
 z - a potion of lignification {unknown}
 A - a potion of might {unknown}
 F - a potion of mutation {unknown}
 G - a potion of agility {unknown}
 H - a potion of degeneration {unknown}
 I - a potion of brilliance {unknown}
Comestibles
 c - 11 rations


   Skills:
 + Level 6.5 Fighting
 * Level 9.3 Axes
 + Level 4.8 Armour
 - Level 2.4 Dodging
 - Level 1.5 Stealth
 + Level 1.8 Charms
 + Level 1.9 Necromancy


You had 4 spell levels left.
You knew the following spells:

 Your Spells              Type           Power        Failure   Level  Hunger
a - Regeneration          Chrm/Necr      #.........   54%         3    ####...

Your spell library contained the following spells:

 Spells                   Type           Power        Failure   Level  Hunger
 Animate Skeleton         Necr           N/A          21%         1    ##.....
 Pain                     Necr           #...         21%         1    ##.....
 Magic Dart               Conj           #...         41%         1    ##.....
 Vampiric Draining        Necr           #.........   52%         3    ####...
 Blink                    Tloc           N/A          56%         2    ###....
 Call Imp                 Summ           #.......     56%         2    ###....
 Searing Ray              Conj           #.....       56%         2    ###....
 Slow                     Hex            #.......     56%         2    ###....
 Conjure Flame            Conj/Fire      #.......     80%         3    ####...
 Dazzling Spray           Conj/Hex       #.....       80%         3    ####...
 Mephitic Cloud           Conj/Pois/Air  #.......     80%         3    ####...
 Animate Dead             Necr           N/A          90%         4    #####..
 Force Lance              Conj/Tloc      #.......     99%         4    #####..
 Fulminant Prism          Conj/Hex       #.........   99%         4    #####..
 Iskenderun's Mystic Bla  Conj           #.......     99%         4    #####..


Dungeon Overview and Level Annotations

Branches:
Dungeon (5/15)
 Temple: D:4-7

Altars:
Dithmenos
Makhleb


Message History

The crocodile bites you!
You hit the crocodile but do no damage.
The crocodile is heavily wounded.
The crocodile bites you!
The crocodile bites you but does no damage.
You closely miss the crocodile.
The crocodile is heavily wounded.
The ogre hits you with a +0 giant club!!
* * * LOW HITPOINT WARNING * * *
The crocodile bites you.
* * * LOW HITPOINT WARNING * * *
The ogre barely misses you.
You are too injured to fight recklessly!
You are too injured to fight recklessly!
You closely miss the crocodile.
The crocodile is heavily wounded.
The crocodile bites you.
* * * LOW HITPOINT WARNING * * *
The crocodile bites you!
You die...

#.#................
#.#..#.#...........
#.#................
#.#....#...........
#....+.....<.....
#....#...........
#..#>............
########..#.#......)....
......t@O.#.#...........
.########.#.#..##'##....
#.#.####...###.# #.#.#
##...###.# #.#.#
#._._.##.# ..#.#
###8####.# ##.# ### #.#
#)# #.# #..


You could see a crocodile and an ogre.

Vanquished Creatures
  5 ogres
  A phantom (D:4)
  The ghost of dcgrp the Charmwright, an amateur GnSk of Okawaru (D:3)
  A bullfrog zombie (D:5)
  4 hounds (D:4)
  An orc wizard (D:5)
  Natasha (twice) (D:4)
  An iguana (D:4)
  4 worker ants
  A worker ant zombie (D:5)
  3 gnolls (D:4)
  8 adders
  An ooze (D:3)
  A worm (D:3)
  2 dart slugs
  3 leopard geckos
  12 orcs
  5 ball pythons
  7 bats
  4 giant cockroaches
  10 goblins
  8 hobgoblins
  6 jackals
  7 kobolds
  A frilled lizard (D:2)
  10 rats
109 creatures vanquished.

Notes
Turn   | Place    | Note
-------+----------+-------------------------------------------
     0 | D:1      | zishaf the Hill Orc Monk began the quest for the Orb.
     0 | D:1      | Reached XP level 1. HP: 19/19 MP: 1/1
   176 | D:1      | Reached XP level 2. HP: 24/27 MP: 2/2
   375 | D:1      | Reached skill level 1 in Armour
   821 | D:2      | Reached XP level 3. HP: 33/33 MP: 3/3
   889 | D:2      | Reached skill level 5 in Axes
  1418 | D:2      | Found a faded altar of an unknown god.
  1425 | D:2      | Reached XP level 4. HP: 40/40 MP: 4/4
  2414 | D:3      | Found a transporter.
  2417 | D:3      | Found a transporter.
  2417 | D:3      | Noticed an ogre
  2418 | D:3      | Noticed dcgrp's ghost (amateur GnSk)
  2421 | D:3      | Noticed an ogre
  2423 | D:3      | Reached XP level 5. HP: 44/47 MP: 5/5
  2650 | D:3      | Reached skill level 6 in Axes
  3182 | D:4      | Noticed an ogre
  3361 | D:4      | Noticed an ogre
  3417 | D:4      | Killed an ogre
  3417 | D:4      | Reached skill level 5 in Fighting
  3417 | D:4      | Reached skill level 7 in Axes
  3417 | D:4      | Reached XP level 6. HP: 27/56 MP: 6/6
  3861 | D:4      | Noticed Natasha
  3878 | D:4      | Killed Natasha
  4056 | D:4      | Reached XP level 7. HP: 22/61 MP: 7/7
  4275 | D:4      | Noticed Natasha
  4286 | D:4      | Killed Natasha
  4468 | D:4      | Reached skill level 8 in Axes
  4544 | D:4      | Learned a level 3 spell: Regeneration
  4817 | D:5      | Entered Level 5 of the Dungeon
  5046 | D:5      | Got an iridescent short sword
  5047 | D:5      | Identified the +7 short sword "Niockis" {venom, rC- Str+3
                  | Stlth+} (You found it on level 5 of the Dungeon)
  5129 | D:5      | Found a shadowy altar of Dithmenos.
  5133 | D:5      | Found a burning altar of Makhleb.
  5135 | D:5      | Reached skill level 1 in Necromancy
  5141 | D:5      | Reached skill level 1 in Charms
  5141 | D:5      | Reached XP level 8. HP: 69/70 MP: 8/8
  5393 | D:3      | Reached skill level 9 in Axes
  5808 | D:3      | Killed dcgrp's ghost
  6204 | D:5      | HP: 2/71 [crocodile (6)]
  6204 | D:5      | Mangled by a crocodile

Vault maps used:
D:1:      minmay_arrival_hallway, minmay_door_square,
          chequers_serial_rivers_micro_a, minivault_26
D:2:      cheibrodos_old_hovel, chequers_ecumenical_altar_simple_redux
D:3:      first_ration, gammafunk_ghost_smash
D:4:      serial_co_window_serial, co_window_of_opportunity_a,
          co_window_paths_a, co_window_corner_a, co_window_paths_a,
          co_window_paths_a, co_window_broadway_c, co_window_corner_b,
          co_window_corner_b, co_window_cross_2, co_window_paths_c,
          co_window_2corner, co_window_paths_d, bh_chokoban, uniq_natasha
D:5:      gammafunk_temple_overflow_statue, temple_hall, nrook_mini_vaults,
          hangedman_decor_peaks_small

Skill      XL: |  1  2  3  4  5  6  7  8 |
---------------+-------------------------+-----
Armour         | 1 2 3 4 |  4.8
Fighting       | 4 5 6 |  6.5
Axes           | 5 7 8 9 |  9.3
Necromancy     | 1 |  1.9
Charms         | 1 |  1.8
Dodging        | |  2.4
Stealth        | |  1.5

Action                   |  1- 3 |  4- 6 |  7- 9 || total
-------------------------+-------+-------+-------++-------
Melee: Hand axe          |   110 |   219 |   143 ||   472
       Short sword       |       |       |    35 ||    35
       Great mace        |       |       |     8 ||     8
 Fire: Hunting sling     |       |     5 |       ||     5
 Stab: Sleeping          |     3 |     4 |     2 ||     9
  Eat: Chunk             |     2 |     8 |     5 ||    15
       Ration            |       |       |     1 ||     1
Armor: Robe              |    26 |    19 |       ||    45
       Leather armour    |       |    45 |    51 ||    96
Dodge: Dodged            |    78 |   169 |    86 ||   333

Table legend:
 A = Non-vault XP
 B = Vault XP
 C = Vault XP percentage of total XP
 D = Non-vault monster count
 E = Vault monster count
 F = Vault count percentage of total count
                 A         B        C        D         E       F
            +---------+---------+-------+---------+---------+-------
      Total |    1272 |     397 |  23.8 |     104 |       5 |   4.6
            +---------+---------+-------+---------+---------+-------
        D:1 |      30 |       0 |   0.0 |      16 |       0 |   0.0
        D:2 |      64 |       2 |   3.0 |      18 |       1 |   5.3
        D:3 |     110 |     359 |  76.5 |      35 |       3 |   7.9
        D:4 |     791 |      36 |   4.4 |      23 |       1 |   4.2
        D:5 |     277 |       0 |   0.0 |      12 |       0 |   0.0
            +---------+---------+-------+---------+---------+-------
